 Dungeon Crawl Stone Soup version 0.28-a0-1387-g3a22ab9bdc (webtiles) character file.

Game seed: 11975232134173294726

3061 ASSMAN the Unseen (level 9, -1/49 HPs)
             Began as a Vampire Delver on Jan 2, 2022.
             Was an Initiate of Gozag.
             Slain by Harold (10 damage)
             ... on level 9 of the Dungeon.
             The game lasted 00:18:43 (9357 turns).

ASSMAN the Unseen (Vampire Delver)                  Turns: 9357, Time: 00:18:44

Health: -1/49      AC:  4    Str: 11    XL:     9   Next: 57%
Magic:  12/12      EV: 12    Int: 12    God:    Gozag
Gold:   1250       SH:  0    Dex: 20    Spells: 10/12 levels left

rFire   . . .      SeeInvis +   E - +1 short sword (flame)
rCold   + + .      Faith    .   (no shield)
rNeg    + + +      Spirit   .   b - +0 leather armour
rPois   ∞          Reflect  .   (no helmet)
rElec   .          Harm     .   (no cloak)
rCorr   .          Rampage  .   (no gloves)
Will    .....                   q - +0 pair of boots
Stlth   ++++++++..              y - amulet of the acrobat
HPRegen 0.00/turn               h - ring of flight
MPRegen 0.13/turn               C - +4 ring of slaying

@: flying, bloodless, inhibited regen
A: bloodless, fangs 3, see invisible, vampiric 2
a: Bat Form, Revivify, Renounce Religion, Potion Petition, Call Merchant, Bribe
Branch


You were on level 9 of the Dungeon.
You worshipped Gozag.
Gozag was most pleased with you.
You visited 2 branches of the dungeon, and saw 10 of its levels.
You also visited: Bailey.

You collected 1308 gold pieces.
You paid 58 gold pieces to Gozag.

Inventory:

Hand Weapons
 l - a +0 dagger
 s - a +0 dagger of protection
 E - a +1 short sword of flaming (weapon)
Missiles
 k - 21 boomerangs
Armour
 b - a +0 leather armour (worn)
 p - the -4 buckler of Zuut {Regen+}
   (You found it on level 4 of the Dungeon)

   Regen:     It increases your rate of health regeneration.
 q - a +0 pair of boots (worn)
Jewellery
 h - a ring of flight (left hand)
 y - an amulet of the acrobat (around neck)
 C - a +4 ring of slaying (right hand)
Wands
 g - a wand of digging (3)
 n - a wand of acid (6)
 r - a wand of flame (31)
 J - a wand of paralysis (1)
 K - a wand of iceblast (12)
 M - a wand of polymorph (10)
Scrolls
 c - a scroll of fog
 j - a scroll of teleportation
 m - a scroll of vulnerability {unknown}
 x - a scroll of immolation {unknown}
 A - a scroll of enchant weapon {unknown}
 H - a scroll of blinking {unknown}
 L - a scroll of holy word {unknown}
Potions
 f - 3 potions of haste
 o - 2 potions of magic
 t - a potion of brilliance
 u - a potion of curing
 z - 2 potions of might {unknown}
 D - a potion of degeneration {unknown}
 F - a potion of attraction {unknown}
 G - a potion of flight {unknown}
 I - a potion of mutation {unknown}


   Skills:
 - Level 2.6 Fighting
 - Level 8.0 Short Blades
 - Level 2.1 Dodging
 + Level 15.6 Stealth
 - Level 2.0 Spellcasting
 + Level 7.6 Hexes
 - Level 3.0 Ice Magic


You had 10 spell levels left.
You knew the following spells:

 Your Spells              Type           Power      Damage    Failure   Level
a - Ensorcelled Hibernat  Hex/Ice        26%        N/A       6%          2

Your spell library contained the following spells:

 Spells                   Type           Power      Damage    Failure   Level
 Pain                     Necr           4%         1d4       34%         1
 Spider Form              Tmut/Pois      1%         N/A       71%         3
 Summon Ice Beast         Ice/Summ       4%         N/A       88%         4
 Summon Mana Viper        Hex/Summ       10%        N/A       91%         5
 Olgreb's Toxic Radiance  Pois           1%         N/A       98%         4
 Agony                    Necr           1%         N/A       100%        5
 Excruciating Wounds      Necr           0%         N/A       100%        5
 Monstrous Menagerie      Summ           0%         N/A       100%        7
 Ozocubu's Refrigeration  Ice            4%         4d5       100%        7
 Ignition                 Fire           0%         3d3       100%        8


Dungeon Overview and Level Annotations

Branches:
Dungeon (10/15)            Temple (1/1) D:4            Lair (0/6) D:9
 Bailey (visited)
    Orc: D:9-12

Altars:
Ashenzari
Cheibriados
Dithmenos
Elyvilon
Fedhas
Gozag
Hepliaklqana
Kikubaaqudgha
Makhleb
Nemelex Xobeh
Okawaru
Qazlal
Ru
Sif Muna
Trog
Uskayaw
Vehumet
Wu Jian
Xom
Yredelemnul
Zin

Annotations:
D:6 Edmund
D:9 Harold


Innate Abilities, Weirdness & Mutations

You do not regenerate when monsters are visible.
You are frail without blood (-20% HP).
You can heal yourself when you bite living creatures.
You are immune to poison.
You have razor-sharp teeth.
You have supernaturally acute eyesight. (SInv)
You are afflicted with vampirism and can become a bat while bloodless.


Message History

The centaur hits you.
The centaur kicks you but does no damage.
You hit the centaur. You burn the centaur.
The centaur is heavily wounded.
The centaur closely misses you.
The centaur kicks you but does no damage.
You hit the centaur. You burn the centaur. You bite the centaur.
You draw the centaur's blood!
You feel better.
The centaur is severely wounded.
The centaur barely misses you.
The centaur kicks you but does no damage.
You puncture the centaur! You burn the centaur.
You kill the centaur!
You now have 1250 gold pieces (gained 19).
Things that are here:
a +0 shortbow; 15 arrows You start resting.
Harold the Weathered comes into view.
He is wielding a +1 vorpal mace, wearing a +4 ring mail of cold resistance and carrying a wand of iceblast (7).
Okay, then.
Harold shouts!
You hit Harold. You burn Harold.
Harold is lightly wounded.
Aiming: Paralyse
Press: ? - help, Shift-Dir - straight line, f - Harold
Aim: Harold, wielding a +1 vorpal mace, wearing a +4 ring mail of cold resistance, quivering 4 throwing nets and carrying a wand of iceblast (7) (lightly wounded, chance to affect: 17%) Harold resists with almost no effort.
Harold hits you with a +1 vorpal mace!
Unknown command.
Aiming: Paralyse
Press: ? - help, Shift-Dir - straight line, f/p - Harold
Aim: Harold, wielding a +1 vorpal mace, wearing a +4 ring mail of cold resistance, quivering 4 throwing nets and carrying a wand of iceblast (7) (lightly wounded, chance to affect: 17%) Harold resists with almost no effort.
Harold says, "My wife will appreciate not having to wash blood out of my clothes anymore."
Harold hits you with a +1 vorpal mace.
* * * LOW HITPOINT WARNING * * *
x2
Aiming: Paralyse
Press: ? - help, Shift-Dir - straight line, f/p - Harold
Aim: Harold, wielding a +1 vorpal mace, wearing a +4 ring mail of cold resistance, quivering 4 throwing nets and carrying a wand of iceblast (7) (lightly wounded, chance to affect: 17%) Harold resists with almost no effort.
Harold hits you with a +1 vorpal mace!
You die...
Your body crumbles into a pile of gold.

#.**###.# #...#...#
**#.#..## #....#
##.#.# #.#.# #.#.#
*******
######.#.######,,,,,,
#.[@@...........*,***
#.####.#####.##.,,*
*,*###.# *,***,,***
*,*#.>.# *,* *,,,,,
*,*#.### *,* **,***
*,*#.* *,* *,* *,*#.*
*,* *,*** *,*#.* *,*
*,,,, *,*#.*******,*
*,***


You could see Harold.

Vanquished Creatures
  A two-headed ogre (D:10)
  A hornet (D:7)
  Menkaure (D:6)
  A water moccasin (D:7)
  A sky beast (D:5)
  2 black bears (D:5)
  4 ogres
  3 centaurs
  A phantom (D:5)
  A kobold brigand (Bailey)
  3 scorpions
  A bullfrog zombie (D:7)
  3 hounds
  A jelly (D:5)
  3 gnoll shamans
  An orc priest (D:5)
  A bullfrog skeleton (D:7)
  Jessica (D:3)
  Ijyb (D:3)
  5 orc wizards
  4 iguanas
  A killer bee zombie (D:6)
  Robin (D:3)
  A howler monkey zombie (D:7)
  12 gnolls
  2 howler monkey skeletons
  4 adders
  A white imp (D:7)
  2 worms
  16 orcs
  4 ball pythons
  5 bats
  12 endoplasms
  4 giant cockroaches
  14 goblins
  9 hobgoblins
  20 kobolds
  6 quokkas
  5 frilled lizards
  4 rats (D:1)
163 creatures vanquished.

Notes
Turn   | Place    | Note
-------+----------+-------------------------------------------
     0 | D:5      | ASSMAN the Vampire Delver began the quest for the Orb.
     0 | D:5      | Reached XP level 1. HP: 17/17 MP: 1/1
    12 | D:5      | Noticed a black bear
    47 | D:5      | Noticed an ogre
   180 | D:4      | Reached XP level 2. HP: 17/23 MP: 2/2
   409 | D:3      | Noticed Ijyb
   422 | D:3      | HP: 1/23 [Ijyb/puff of flame (12)]
   423 | D:3      | Killed Ijyb
   424 | D:3      | Gained mutation: You are afflicted with vampirism and can
                  | become a bat while bloodless. [Vampire growth]
   424 | D:3      | Reached XP level 3. HP: 1/28 MP: 3/3
   770 | D:4      | Reached skill level 8 in Stealth
   779 | D:4      | Identified the -4 buckler of Zuut {Regen+}
  1309 | D:4      | Reached XP level 4. HP: 27/27 MP: 4/4
  1412 | D:4      | Found a staircase to the Ecumenical Temple.
  1418 | Temple   | Entered the Ecumenical Temple
  1741 | Temple   | Became a worshipper of Gozag Ym Sagoz the Greedy
  2015 | D:4      | Reached skill level 5 in Short Blades
  2015 | D:4      | Reached XP level 5. HP: 22/31 MP: 5/5
  2683 | D:3      | Noticed Robin
  2757 | D:3      | Killed Robin
  2941 | D:3      | Noticed Jessica
  2954 | D:3      | Killed Jessica
  3072 | D:2      | Found a basalt altar of Yredelemnul.
  3967 | D:1      | Reached skill level 9 in Stealth
  4278 | D:1      | Reached XP level 6. HP: 36/36 MP: 6/6
  5033 | D:5      | Reached XP level 7. HP: 14/40 MP: 7/7
  5056 | D:5      | Reached skill level 10 in Stealth
  5915 | D:5      | Found a sparkling altar of Nemelex Xobeh.
  6020 | D:5      | Reached skill level 11 in Stealth
  6145 | D:5      | Reached XP level 8. HP: 45/45 MP: 8/8
  6405 | D:5      | Reached skill level 12 in Stealth
  6819 | D:6      | Reached skill level 13 in Stealth
  6882 | D:6      | Noticed Edmund
  7651 | D:6      | Learned a level 2 spell: Ensorcelled Hibernation
  7867 | D:7      | Reached skill level 1 in Hexes
  7880 | D:7      | Noticed Menkaure
  8000 | D:6      | Killed Menkaure
  8001 | D:6      | Reached skill level 1 in Spellcasting
  8521 | D:7      | Noticed a hornet
  8528 | D:7      | Reached skill level 14 in Stealth
  8766 | D:7      | Reached skill level 5 in Hexes
  8766 | D:7      | Reached XP level 9. HP: 49/49 MP: 12/12
  8882 | D:7      | Reached skill level 1 in Ice Magic
  9004 | D:7      | You are sucked into a shaft and drop 3 floors!
  9004 | D:10     | Entered Level 10 of the Dungeon
  9004 | D:10     | Noticed a two-headed ogre
  9009 | D:10     | Killed a two-headed ogre
  9010 | D:10     | Reached skill level 15 in Stealth
  9101 | D:9      | Found a flagged portal.
  9108 | Bailey   | Entered a bailey
  9343 | D:9      | Noticed Harold
  9357 | D:9      | Slain by Harold

Illustrated notes

Levels and vault maps discovered:
D:1:      lightli_arrival_flooded_house, layout_rooms
D:2:      layout_basic, basic_altar
D:3:      layout_rooms, nicolae_figureground_sparkle, uniq_robin, uniq_jessica,
          uniq_ijyb
D:4:      layout_rooms, minmay_temple_entry_nine_rooms,
          chequers_serial_rivers_small_b
D:5:      layout_loops_ring, nemelex_dance_club_becter
D:6:      layout_loops_corners, uniq_edmund
D:7:      layout_cave_pools, hangedman_minor_gate_pass, uniq_crazy_yiuf_cottage,
          uniq_menkaure
D:9:      layout_loops_ring, tso_oasis_becter, lair_entry_dummy, enter_bailey_2,
          uniq_harold
D:10:     layout_small_grid
Temple:   mainiacjoe_temple_cubbyholes

Skill      XL: |  1  2  3  4  5  6  7  8  9 |
---------------+----------------------------+-----
Short Blades   | 3 4 5 7 8 |  8.0
Stealth        | 8 9 11 14 15 | 15.6
Hexes          | 5 7 |  7.6
Spellcasting   | 2 |  2.0
Ice Magic      | 3 |  3.0
Fighting       | |  2.6
Dodging        | |  2.1

Action                   |  1- 3 |  4- 6 |  7- 9 || total
-------------------------+-------+-------+-------++-------
Melee: Short sword       |    13 |    51 |   172 ||   236
       Dagger            |    50 |   295 |       ||   345
       Bite              |     7 |    39 |    21 ||    67
Throw: Boomerang         |     8 |       |       ||     8
       Throwing net      |     1 |       |       ||     1
 Abil: Exsanguinate      |     1 |       |       ||     1
Evoke: Wand              |       |     1 |    27 ||    28
  Use: Scroll            |       |       |    12 ||    12
       Potion            |       |       |     2 ||     2
 Stab: Sleeping          |     8 |    26 |    21 ||    55
       Held in net/web   |     1 |       |       ||     1
       Distracted        |     2 |     5 |     3 ||    10
Armor: Leather armour    |    17 |    62 |    21 ||   100
Dodge: Dodged            |    28 |   152 |    96 ||   276

Table legend: (Time is in decaauts)
 A = Elapsed time spent in this place.
 B = Non-inter-level travel time spent in this place.
 C = Inter-level travel time spent in this place.
 D = Time resting spent in this place.
 E = Time spent auto-exploring this place.
 F = Levels seen in this place.
 G = Mean time per level.
                   A        B        C        D        E       F      G
               +--------+--------+--------+--------+--------+-----+--------+
         Total |   9204 |   8815 |    389 |   2519 |   4510 |  11 |  836.7 |
       Dungeon |   8769 |   8443 |    326 |   2516 |   4221 |   9 |  974.3 |
        Temple |    353 |    290 |     63 |      0 |    289 |   1 |  353.0 |
        Bailey |     81 |     81 |      0 |      3 |      0 |   1 |   81.0 |
               +--------+--------+--------+--------+--------+-----+--------+

Top non-repeatable levels by time:
     D:4: 1905 daAuts
     D:5: 1756 daAuts
     D:6: 1745 daAuts
     D:3: 962 daAuts
     D:2: 814 daAuts
     D:7: 663 daAuts
     D:1: 659 daAuts
  Temple: 353 daAuts
     D:9: 211 daAuts
  Bailey: 81 daAuts
    D:10: 51 daAuts
